 Dungeon Crawl Stone Soup version 0.26-a0-455-g0958c023ba (webtiles) character file.

Game seed: 8968192648456521442

268 gruber the Insei (level 6, -3/43 HPs)
             Began as a Merfolk Transmuter on July 28, 2020.
             Blown up by Ijyb (17 damage)
             ... with a disintegration bolt
             ... on level 3 of the Dungeon.
             The game lasted 00:05:43 (3459 turns).

gruber the Insei (Merfolk Transmuter)               Turns: 3459, Time: 00:05:44

Health: -3/43      AC:  2    Str: 17    XL:     6   Next: 21%
Magic:  6/9        EV: 21    Int: 14    God:
Gold:   230        SH:  0    Dex: 19    Spells: 3/9 levels left

rFire    . . .     SeeInvis .     - Unarmed
rCold    . . .     Faith    .   (shield currently unavailable)
rNeg     + . .     Spirit   .   (armour currently unavailable)
rPois    x         Reflect  .   (helmet currently unavailable)
rElec    .         Harm     .   (cloak currently unavailable)
rCorr    .                      (gloves currently unavailable)
MR       .....                  (boots currently unavailable)
Stlth    ++........             (no amulet)
HPRegen  0.14/turn              m - ring of positive energy
MPRegen  0.11/turn              p - +6 ring of strength (curse)

@: spider-form
A: tiny, (change form in water), (swift swim), (stealthy swim)
a: End Transformation


You were on level 3 of the Dungeon.
You were a venomous arachnid creature.
You visited 1 branch of the dungeon, and saw 3 of its levels.

You collected 230 gold pieces.

Inventory:

Missiles
 d - 26 poisoned darts (quivered)
 l - 8 atropa-tipped darts
Armour
 a - a +0 robe (melded)
 b - a +2 hat (melded)
 g - a +1 pair of boots (melded)
 q - a +0 pair of gloves (melded)
Jewellery
 m - a ring of positive energy (left front leg)
 p - a cursed +6 ring of strength (right front leg)
Wands
 r - a wand of paralysis (7)
 s - a wand of polymorph (8)
Scrolls
 c - 3 scrolls of remove curse {unknown}
 e - a scroll of enchant armour {unknown}
 i - 9 scrolls of identify {unknown}
 o - 2 scrolls of teleportation {unknown}
Potions
 f - 4 potions of curing {unknown}
 h - a potion of degeneration {unknown}
 j - 2 potions of might {unknown}
 k - 2 potions of invisibility {unknown}
 n - 2 potions of experience {unknown}
 t - a potion of flight {unknown}


   Skills:
 - Level 1.1 Fighting
 - Level 2.6 Dodging
 - Level 5.1 Unarmed Combat
 - Level 2.0 Spellcasting
 * Level 4.9 Transmutations
 - Level 3.6 Poison Magic


You had 3 spell levels left.
You knew the following spells:

 Your Spells              Type           Power        Failure   Level
a - Beastly Appendage     Tmut           ###...       11%         1
b - Spider Form           Tmut/Pois      ##........   28%         3
c - Wereblood             Tmut           ###.....     14%         2

Your spell library contained the following spells:

 Spells                   Type           Power        Failure   Level
 Ice Form                 Ice/Tmut       #.......     83%         4
 Blade Hands              Tmut           ###.......   83%         5


Dungeon Overview and Level Annotations

Branches:
Dungeon (3/15)

Altars:
Dithmenos
Hepliaklqana
Makhleb
Ru
Xom
Zin

Annotations:
D:3 Ijyb


Message History

Unknown command.
Unknown command.
Casting: Beastly Appendage (safe; 3% risk of failure)
Confirm with . or Enter, or press ? or * to list all spells.
You turn into a venomous arachnid creature.
Your +2 hat melds into your body.
Your +0 pair of gloves melds into your body.
Your +1 pair of boots melds into your body.
Your +0 robe melds into your body.
Ijyb screams, "It's all mine!"
You bite Ijyb!
Ijyb is poisoned.
Ijyb is heavily wounded.
Ijyb misses you.
You bite Ijyb!
Ijyb looks as sick as possible!
Ijyb is almost dead.
You hit Ijyb.
Ijyb looks as sick as possible!
Ijyb is almost dead.
Ijyb screams, "You nasty!
Big nasty!"
Ijyb zaps a wand.
You are blasted!
You die...

#....#.#. .......
#....#.## .....^.
##..##.## .......
#..##.## .......
###.....##
....b..########.....####
........##......##..#
......g.##......##.##
.......s##.........#####
........................
........##......÷.......
.......#........).......
......##.#......###.....
#####. #.#......###.....
###.##.#...÷...##.....
#..........###........
#..........# ###......


You could see Ijyb (extremely poisoned) and a bat.

Vanquished Creatures
  A scorpion (D:2)
  A hound (D:3)
  Robin (D:2)
  4 gnolls
  4 adders
  An ooze (D:1)
  4 worms
  4 dart slugs
  3 leopard geckos
  An orc (D:3)
  A ball python (D:1)
  3 giant cockroaches (D:1)
  15 goblins
  14 hobgoblins
  A quokka (D:3)
  9 bats
  4 frilled lizards
  3 kobolds (D:3)
  5 rats
79 creatures vanquished.

Notes
Turn   | Place    | Note
-------+----------+-------------------------------------------
     0 | D:1      | gruber the Merfolk Transmuter began the quest for the Orb.
     0 | D:1      | Reached XP level 1. HP: 15/15 MP: 3/3
    92 | D:1      | Reached XP level 2. HP: 18/21 MP: 3/5
    96 | D:1      | Reached skill level 4 in Unarmed Combat
   219 | D:1      | HP: 1/21 [goblin (1)]
   573 | D:1      | Reached XP level 3. HP: 10/26 MP: 4/6
  1156 | D:1      | Learned a level 3 spell: Spider Form
  1159 | D:1      | Learned a level 2 spell: Wereblood
  1250 | D:1      | Reached skill level 5 in Unarmed Combat
  1340 | D:2      | Reached skill level 1 in Poison Magic
  1340 | D:2      | Reached XP level 4. HP: 32/32 MP: 3/7
  1765 | D:2      | Noticed Robin
  1872 | D:2      | Killed Robin
  2059 | D:2      | Reached XP level 5. HP: 37/37 MP: 5/8
  2731 | D:2      | Noticed a shadow
  2732 | D:2      | Found a shadowy altar of Dithmenos.
  2733 | D:2      | Found a hazy altar of Hepliaklqana.
  3018 | D:3      | Found a glowing silver altar of Zin.
  3025 | D:3      | Noticed an angel
  3092 | D:3      | Found a shimmering altar of Xom.
  3144 | D:3      | Reached XP level 6. HP: 33/43 MP: 9/9
  3330 | D:3      | Found a burning altar of Makhleb.
  3396 | D:3      | Found a sacrificial altar of Ru.
  3453 | D:3      | Noticed Ijyb
  3459 | D:3      | Blown up by Ijyb

Illustrated notes

Levels and vault maps discovered:
D:1:      dpeg_arrival_ternary, layout_rooms
D:2:      layout_basic, riverfiend_overflow_shadow_ancestor, minivault_25,
          nicolae_underground_beach, uniq_robin
D:3:      layout_rooms, grunt_temple_overflow_order_and_chaos_1,
          lemuel_doored_altar, makhleb_blood_cavern_becter, uniq_ijyb

Skill      XL: |  1  2  3  4  5 |
---------------+----------------+-----
Unarmed Combat | 4 5 |  5.1
Poison Magic   | 1 3 |  3.6
Transmutations | 4 |  4.9
Fighting       | |  1.1
Dodging        | |  2.6
Spellcasting   | |  2.0

Action                   |  1- 3 |  4- 6 || total
-------------------------+-------+-------++-------
Melee: Unarmed           |    84 |   193 ||   277
       Headbutt          |     9 |     3 ||    12
       Punch             |       |     3 ||     3
Throw: Dart              |       |    11 ||    11
 Cast: Beastly Appendage |    10 |     3 ||    13
       Spider Form       |     3 |     3 ||     6
       Wereblood         |       |     4 ||     4
Armor: Robe              |    14 |    49 ||    63
Dodge: Dodged            |    67 |   134 ||   201

Table legend: (Time is in decaauts)
 A = Elapsed time spent in this place.
 B = Non-inter-level travel time spent in this place.
 C = Inter-level travel time spent in this place.
 D = Time resting spent in this place.
 E = Time spent auto-exploring this place.
 F = Levels seen in this place.
 G = Mean time per level.
                   A        B        C        D        E       F      G
               +--------+--------+--------+--------+--------+-----+--------+
         Total |   3435 |   3395 |     40 |    271 |   2391 |   3 | 1145.0 |
       Dungeon |   3435 |   3395 |     40 |    271 |   2391 |   3 | 1145.0 |
               +--------+--------+--------+--------+--------+-----+--------+

Top non-repeatable levels by time:
     D:2: 1487 daAuts
     D:1: 1295 daAuts
     D:3: 652 daAuts
